 Dungeon Crawl Stone Soup version 0.30-a0-1163-gf69bf04e7a (webtiles) character file.

Game seed: 15597233409374390892

46 qeuew the Vexing (level 3, 0/14 HPs)
             Began as a Felid Enchanter on Apr 28, 2023.
             Slain by a worm (12 damage)
             ... on level 2 of the Dungeon.
             The game lasted 00:01:31 (834 turns).

qeuew the Vexing (Felid Enchanter)                   Turns: 834, Time: 00:01:31

Health: 0/14       AC:  1    Str:  6    XL:     3   Next: 46%
Magic:  7/7        EV: 17    Int: 16    God:
Gold:   52         SH:  0    Dex: 16    Spells: 4/6 levels left
                                        Lives:  0   Deaths: 0

rFire   . .          .
                       - Unarmed
rCold   . . .        (shield unavailable)
rNeg    . . .        (body armour unavailable)
rPois   .            (helmet unavailable)
rElec   .            (cloak unavailable)
rCorr   .            (gloves unavailable)
SInv    +            (boots unavailable)
Will    .....        (no amulet)
Stlth   +++          (no ring)
HPRegen 0.22/turn    (no ring)
MPRegen 0.10/turn

%: no passive effects
@: hasted, very quick
A: very small, claws 1, fangs 3, see invisible, speed 1, shaggy fur 1, stealthy
paws, no weapons or thrown items, no armour, multi-lived
a: no special abilities


You were on level 2 of the Dungeon.
You visited 1 branch of the dungeon, and saw 2 of its levels.

You collected 52 gold pieces.

Inventory:

Potions
 a - 2 potions of invisibility
 e - a potion of curing


   Skills:
 + Level 3.1 Dodging
 * Level 4.8 Stealth
 + Level 1.4 Unarmed Combat
 + Level 2.2 Spellcasting
 * Level 5.2 Hexes


You had 4 spell levels left.
You knew the following spells:

 Your Spells              Type           Power      Damage    Failure   Level
a - Ensorcelled Hibernat  Hex/Ice        20%        N/A       11%         2

Your spell library contained the following spells:

 Spells                   Type           Power      Damage    Failure   Level
 Confusing Touch          Hex            18%        N/A       7%          3
 Tukima's Dance           Hex            18%        N/A       7%          3
 Dazzling Flash           Conj/Hex       20%        N/A       21%         3
 Spider Form              Tmut/Pois      1%         N/A       52%         3
 Anguish                  Hex/Necr       5%         N/A       56%         4


Dungeon Overview and Level Annotations

Branches:
Dungeon (2/15)

Altars:


Innate Abilities, Weirdness & Mutations

You have sharp claws.
You have razor-sharp teeth.
You have supernaturally acute eyesight. (SInv)
You cover ground quickly. (Speed+)
You are covered in fur. (AC +1)
Your paws help you pounce on unaware monsters.
You are incapable of wielding weapons or throwing items.
You cannot wear armour.
You gain extra lives every three experience levels.


Message History

You scratch the adder.
The adder is lightly wounded.
The adder barely misses you.
You closely miss the adder. Your bite misses the adder.
The adder is lightly wounded.
The adder misses you.
You scratch the adder.
The adder is heavily wounded.
The adder closely misses you.
You scratch the adder. Your claw misses the adder.
The adder is severely wounded.
The adder bites you.
You scratch the adder.
The adder is almost dead.
You closely miss the adder.
The adder is almost dead.
The adder completely misses you.
You scratch the adder.
You kill the adder!
The frilled lizard misses you.
You scratch the frilled lizard.
You kill the frilled lizard!
You scratch the worm but do no damage. You scratch the worm.
You bite the worm, but do no damage.
The worm is moderately wounded.
The worm barely misses you.
You scratch the worm but do no damage.
The worm is lightly wounded.
You scratch the worm.
The worm is moderately wounded.
You barely miss the worm. Your bite misses the worm.
The worm is moderately wounded.
The worm completely misses you.
You barely miss the worm.
The worm is lightly wounded.
You scratch the worm.
The worm is moderately wounded.
The worm bites you!
Ouch! That really hurt!
You die...

#............#
....#####.####.#####
#.# #....# #.......
.. ##.#### #.#.....
#. #.. #####.#####.
#.##.# #........##.
..#.# #........###
#w#.# #<.....).#
#@..# #.######## #
##..###.# # #.<....#
.... #...††.#.....
#... #...#[.....###.
...## .........##..
### . #.#.##.. ##
#.?. ..# #$.# ...


You could see a worm.

Vanquished Creatures
  2 adders (D:2)
  A worm (D:2)
  A dart slug (D:1)
  2 bats
  An endoplasm (D:2)
  A giant cockroach (D:1)
  3 goblins (D:1)
  A hobgoblin (D:1)
  2 kobolds (D:1)
  2 quokkas
  A ball python (D:2)
  2 frilled lizards
  5 rats
24 creatures vanquished.

Notes
Turn   | Place    | Note
-------+----------+-------------------------------------------
     0 | D:1      | qeuew the Felid Enchanter began the quest for the Orb.
     0 | D:1      | Reached XP level 1. HP: 7/7 MP: 4/4
   217 | D:1      | Reached XP level 2. HP: 11/11 MP: 6/6
   224 | D:1      | Learned a level 2 spell: Ensorcelled Hibernation
   314 | D:1      | You fall into a shaft and drop 1 floor!
   412 | D:2      | Reached skill level 5 in Hexes
   497 | D:2      | Reached XP level 3. HP: 14/14 MP: 7/7
   834 | D:2      | Slain by a worm

Illustrated notes

Levels and vault maps discovered:
D:1:      dpeg_arrival_tiny_i, layout_loops_ring
D:2:      layout_rooms, uniq_natasha

Skill      XL: |  1  2 |
---------------+-------+-----
Dodging        | 3 |  3.1
Hexes          | 5 |  5.2
Stealth        | |  4.8
Unarmed Combat | |  1.4
Spellcasting   | |  2.2

Action                     || total
---------------------------++-------
  Melee: Unarmed           ||    67
         Bite              ||     6
   Cast: Ensorcelled Hiber ||     2
    Use: Scroll            ||     6
         Potion            ||     1
   Stab: Sleeping          ||    13
 Armour: Skin              ||     1
  Dodge: Dodged            ||    32

Table legend: (Time is in decaauts)
 A = Elapsed time spent in this place.
 B = Non-inter-level travel time spent in this place.
 C = Inter-level travel time spent in this place.
 D = Time resting spent in this place.
 E = Time spent auto-exploring this place.
 F = Levels seen in this place.
 G = Mean time per level.
                   A        B        C        D        E       F      G
               +--------+--------+--------+--------+--------+-----+--------+
         Total |    688 |    674 |     14 |      0 |    516 |   2 |  344.0 |
       Dungeon |    688 |    674 |     14 |      0 |    516 |   2 |  344.0 |
               +--------+--------+--------+--------+--------+-----+--------+

Top non-repeatable levels by time:
     D:1: 511 daAuts
     D:2: 177 daAuts
